[Event "Tata Steel-A 80th"]
[Site "Wijk aan Zee"]
[Date "2018.01.24"]
[Round "10"]
[White "Wei, Yi"]
[Black "Caruana, Fabiano"]
[Result "1/2-1/2"]
[ECO "C48"]
[WhiteElo "2743"]
[BlackElo "2811"]
[Annotator "Fernandez,D"]
[PlyCount "55"]
[EventDate "2018.01.13"]
[EventType "tourn"]
[EventRounds "13"]
[EventCountry "NED"]
[EventCategory "20"]
[SourceTitle "CBM 183"]
[Source "ChessBase"]
[SourceDate "2018.03.14"]
[SourceVersion "1"]
[SourceVersionDate "2018.03.14"]
[SourceQuality "1"]
[TimeControl "40/6000+30:20/3000+30:900+30"]

1. e4 e5 2. Nf3 Nc6 3. Nc3 Nf6 4. Bb5 Nd4 {[%emt 0:00:15] Black had no truly adventurous choices in any case,
except the slightly odd 4...Bd6. Quite solid are the well-known 4...d6 and 4...
Bb4.} 5. Bc4 (5. Ba4 $5 {is the main line, trying to prevent
Black from playing ...d5 under favourable conditions. Play could continue:} Bc5
$5 (5... Nxf3+ 6. Qxf3 Bc5 $11 {is stable equality, though White has also
tried the pawn recapture.}) 6. Nxe5 O-O 7. Nd3 Bb6 8. e5 Ne8 9. Nd5 {Now see,
for instance, Morozevich-Svidler, Thessaloniki 2013, or Kasparov-Dominguez,
Saint Louis 2017.}) 5... Bc5 6. d3 (6. Nxe5
Qe7 $1 {is vaguely reminiscent of the Traxler Counter-Gambit and is in any
case more dangerous for White than Black.}) 6... d6 7. Na4 {
[%emt 0:02:00] Initiating large-scale exchanges in a tried and tested manner.}
(7. h3 {is most played, but seems a little slow, especially since Black can
just respond to Bg5/Nd5 ideas with a laconic ...c6.}) 7... b5 8. Nxd4 bxc4 9. Nf5 Bxf5 10. exf5 cxd3 11. Nxc5 dxc5 12. cxd3 {[%emt 0:04:21] So far
following a source game from 2 years ago. What seems likely is that central
pawn exchanges will follow and then a draw.} Qd7 13. Qf3 O-O 14. O-O (14. Bg5 e4 15.
dxe4 Nxe4 $11) 14... Rfd8 15. Be3 Qxd3 16. Rac1 {[%emt 0:00:28] To be honest with you, I doubt it
makes much difference which rook White plays with here.} (16. Rfc1 e4 17. Qg3
Qd5 18. Qxc7 Rac8 19. Qf4 $11 {Maze,S-Fressinet,L Agen 2016, was the source
game, maybe marginally more pleasant for Black but still ultimately agreed
drawn without much trouble.}) 16... c4 17. h3 h6 (17... e4 $11 {kept equality more easily.}) 18. Rc3 Qe4 (18... Qd5 $1 19. Qxd5 Nxd5 20. Rxc4 a5
$11 {keeps everything watertight.}) 19. Qxe4 Nxe4 20. Rxc4 Nd2 21. Bxd2 Rxd2 22. Rb1 ({Black has made a few very
minor inaccuracies, and now} 22. Rxc7 $5 Rxb2 23. Re1 $1 Rxa2 24. Rxe5 $14 {
might still make Black do a little bit of work in an unpleasant 4-v-3 rook
endgame.}) 22... Rad8 23. Rxc7 Re2 $1 {
[%emt 0:00:29] The sacrificed pawns will return home.} 24. Rxa7 Rdd2 25. Rf1 Rxb2 26. g4 Rxa2 27. Rxa2 Rxa2 28. Re1 {[%emt 0:00:06] The draw was agreed here, none too soon.}
1/2-1/2

[Event "Sautron op 15th"]
[Site "Sautron"]
[Date "2015.10.24"]
[Round "7.6"]
[White "Stany, George Anthony"]
[Black "Loiseau, Quentin"]
[Result "1/2-1/2"]
[ECO "C48"]
[WhiteElo "2385"]
[BlackElo "2449"]
[Annotator "RR"]
[PlyCount "50"]
[EventDate "2015.10.24"]
[EventType "swiss"]
[EventRounds "9"]
[EventCountry "FRA"]
[SourceTitle "CBM 169 Extra"]
[Source "ChessBase"]
[SourceDate "2015.12.18"]
[SourceVersion "1"]
[SourceVersionDate "2015.12.18"]
[SourceQuality "1"]
[TimeControl "40/5400+30:1800+30"]
[WhiteClock "0:15:51"]
[BlackClock "0:21:42"]

1. e4 e5 2. Nf3 Nc6 3. Nc3 Nf6 4. Bb5 Nd4 5. Bc4 Bc5 6. d3 (6. Nxe5 O-O 7. O-O d6 8. Nf3 Ng4 9. d3 Nxf3+ 10. Qxf3 Ne5 11.
Qg3 Nxc4 12. dxc4 Be6 13. Nd5 Bxd5 14. cxd5 Qe7 15. Bh6 f5 16. exf5 Rxf5 17.
Rae1 Qf7 18. c4 Rxf2 19. Rxf2 Bxf2+ 20. Qxf2 Qxf2+ 21. Kxf2 Rf8+ 22. Kg3 gxh6
23. Re7 Rf7 24. Re8+ Kg7 25. Ra8 a6 26. Ra7 b5 27. b3 bxc4 28. bxc4 c5 29. Rxa6
Rb7 30. Rxd6 Rb4 31. Kf4 Rxc4+ 32. Kf5 Ra4 33. Rd7+ Kf8 34. d6 Rxa2 35. Rxh7
Rxg2 {Stukopin,A (2587)-Naroditsky,D (2631) ICC INT 2015 1-0}) 6... c6 7. Nxd4 Bxd4 8. Qf3 O-O 9. O-O d6 10. h3 Be6 $146 (10... Bxc3 11. bxc3 h6 12. Qg3 Nh5
13. Qf3 Nf6 14. Qg3 Nh5 15. Qf3 Nf6 {1/2-1/2 (15) Inarkiev,E (2675)-Eljanov,P 
(2716) Jermuk 2009}) 11. Bb3 a5 12. Ne2 Bc5 13. c3 Bxb3 14. axb3 Qb6 15. Bg5 Nd7 16. Qf5 f6 17. Bd2 Qc7 18. Ng3 Rad8 19. h4 Rf7 (19... Kh8) 20. h5 Nf8 21. Qg4 Kh8 22.
Nf5 Ne6 23. Nh6 Re7 24. Nf5 Rf7 25. Nh6 Re7 1/2-1/2